 Dungeon Crawl Stone Soup version 0.27.1-2-g3b301248ec (webtiles) character file.

Game seed: 1093423530358298237

1170 Crownlay the Fighter (level 8, -5/83 HPs)
             Began as a Minotaur Monk on Sept 22, 2021.
             Slain by a hornet zombie (7 damage)
             ... on level 5 of the Dungeon.
             The game lasted 00:07:55 (5574 turns).

Crownlay the Fighter (Minotaur Monk)                Turns: 5574, Time: 00:07:56

Health: -5/83      AC:  5    Str: 16    XL:     8   Next: 17%
Magic:  7/7        EV:  5    Int:  7    God:
Gold:   137        SH:  0    Dex: 15    Spells: 7/7 levels left

rFire    . . .     SeeInvis .   a - +0 falchion
rCold    . . .     Faith    .   (no shield)
rNeg     . . .     Spirit   .   h - +0 plate armour
rPois    .         Reflect  .   (helmet restricted)
rElec    .         Harm     .   (no cloak)
rCorr    .         Rampage  .   (no gloves)
Will     +....     Clarity  +   (no boots)
Stlth    ..........             (no amulet)
HPRegen  0.23/turn              (no ring)
MPRegen  0.10/turn              (no ring)

@: no status effects
A: horns 2, retaliatory headbutt, hooves 1, clarity, deformed body,
strong-willed 1
a: no special abilities


You were on level 5 of the Dungeon.
You visited 2 branches of the dungeon, and saw 6 of its levels.

You collected 137 gold pieces.

Inventory:

Hand Weapons
 a - a +0 falchion (weapon)
Armour
 h - a +0 plate armour (worn)
Jewellery
 p - a ring of wizardry
Wands
 o - a wand of iceblast (12)
Scrolls
 b - 3 scrolls of blinking
 e - 2 scrolls of teleportation
 f - 2 scrolls of enchant weapon
 g - 2 scrolls of amnesia
 l - a scroll of fog {unknown}
 q - a scroll of magic mapping {unknown}
Potions
 k - a potion of attraction {unknown}
 m - a potion of curing {unknown}
 n - a potion of brilliance {unknown}


   Skills:
 + Level 11.9 Fighting
 - Level 3.6 Long Blades
 - Level 3.2 Dodging
 - Level 1.5 Stealth


You had 7 spell levels left.
You didn't know any spells.
Your spell library contained the following spells:

 Spells                   Type           Power      Damage    Failure   Level
 Magic Dart               Conj           0%         1d3       100%        1
 Call Imp                 Summ           0%         N/A       100%        2
 Call Canine Familiar     Summ           0%         N/A       100%        3
 Mephitic Cloud           Conj/Pois/Air  0%         N/A       100%        3
 Portal Projectile        Hex/Tloc       0%         N/A       100%        3
 Leda's Liquefaction      Hex/Erth       0%         N/A       100%        4


Dungeon Overview and Level Annotations

Branches:
Dungeon (5/15)             Temple (1/1) D:4

Altars:
Ashenzari
Dithmenos
Elyvilon
Gozag
Kikubaaqudgha
Sif Muna
Trog
Uskayaw
Vehumet
Wu Jian
Yredelemnul
Zin

Annotations:
D:4 2 transporters, Menkaure


Innate Abilities, Weirdness & Mutations

You have a pair of horns on your head.
You reflexively headbutt those who attack you in melee.
You have large cloven feet.
You possess an exceptional clarity of mind.
Armour fits poorly on your strangely shaped body.
You are strong-willed. (Will+)


Message History

The hornet zombie is severely damaged.
The hornet zombie hits you.
You hit the hornet zombie. You headbutt the hornet zombie.
The hornet zombie is severely damaged.
The hornet zombie barely misses you. x2; You riposte.
You barely miss the hornet zombie.
The hornet zombie is severely damaged.
You hit the hornet zombie.
You kick the hornet zombie, but do no damage.
Your headbutt misses the hornet zombie.
The hornet zombie is almost destroyed.
The hornet zombie hits you!
* * * LOW HITPOINT WARNING * * *
You hit the hornet zombie.
The hornet zombie is almost destroyed.
The hornet zombie hits you.
* * * LOW HITPOINT WARNING * * *
You closely miss the hornet zombie. You kick the hornet zombie.
The hornet zombie is almost destroyed.
The hornet zombie hits you but does no damage.
The hornet zombie hits you!
* * * LOW HITPOINT WARNING * * *
You hit the hornet zombie but do no damage.
The hornet zombie is almost destroyed.
The hornet zombie hits you.
* * * LOW HITPOINT WARNING * * *
You hit the hornet zombie but do no damage.
The hornet zombie is almost destroyed.
The hornet zombie hits you.
* * * LOW HITPOINT WARNING * * *
The hornet zombie hits you.
* * * LOW HITPOINT WARNING * * *
You closely miss the hornet zombie.
The hornet zombie is almost destroyed.
The hornet zombie barely misses you.
You hit the hornet zombie but do no damage.
Your kick misses the hornet zombie.
The hornet zombie is almost destroyed.
The hornet zombie hits you!
You die...

............####### ...
............# ...
.........†..# ..#
............# .
..!..........
............#
..........#########
..##..............# .#
.........Z@....#
##..........#
#..........#
#..........#
#..........#
............############
............#....<(....#
.....####.....###......#
). #.....# #.......


You could see a hornet zombie.

Vanquished Creatures
  Grinder (D:3)
  Sigmund (D:3)
  A black bear (D:4)
  An ice beast (D:5)
  A sky beast (D:4)
  An ogre (D:5)
  A centaur (D:3)
  A bullfrog (D:5)
  A scorpion (D:4)
  3 hounds
  An iguana (D:3)
  Jessica (D:3)
  A hound zombie (D:5)
  3 adders
  An adder skeleton (D:4)
  A worm (D:4)
  2 dart slugs
  2 orcs
  5 endoplasms
  5 giant cockroaches
  2 goblins
  6 hobgoblins
  5 jackals
  6 kobolds
  3 quokkas
  5 ball pythons
  3 bats (D:3)
  2 frilled lizards (D:1)
  A quokka skeleton (D:4)
  3 rats
70 creatures vanquished.

Notes
Turn   | Place    | Note
-------+----------+-------------------------------------------
     0 | D:1      | Crownlay the Minotaur Monk began the quest for the Orb.
     0 | D:1      | Reached XP level 1. HP: 19/19 MP: 0/0
   236 | D:1      | Reached skill level 4 in Fighting
   245 | D:1      | Found a faded altar of an unknown god.
   274 | D:1      | Reached XP level 2. HP: 27/28 MP: 1/1
   568 | D:2      | Found Etuhu's Assorted Antiques.
   701 | D:2      | Reached skill level 5 in Fighting
   701 | D:2      | Reached XP level 3. HP: 32/36 MP: 2/2
  1350 | D:3      | Noticed Sigmund
  1369 | D:3      | Killed Sigmund
  1370 | D:3      | Reached skill level 7 in Fighting
  1370 | D:3      | Reached XP level 4. HP: 28/47 MP: 3/3
  1370 | D:3      | Reached XP level 5. HP: 31/52 MP: 4/4
  1718 | D:3      | Noticed a centaur
  1731 | D:3      | Killed a centaur
  1732 | D:3      | Reached skill level 8 in Fighting
  1732 | D:3      | Reached XP level 6. HP: 36/62 MP: 5/5
  1899 | D:3      | Noticed Jessica
  1909 | D:3      | Killed Jessica
  2020 | D:3      | Found a hide-covered altar of Uskayaw.
  2588 | D:3      | Noticed Grinder
  2592 | D:3      | Paralysed by Grinder for 4 turns
  2617 | D:3      | Killed Grinder
  2618 | D:3      | Reached skill level 9 in Fighting
  2618 | D:3      | Reached XP level 7. HP: 14/71 MP: 6/6
  2979 | D:4      | Found a basalt altar of Yredelemnul.
  2981 | D:4      | Noticed Menkaure
  2982 | D:4      | Found an ancient bone altar of Kikubaaqudgha.
  3345 | D:4      | Found a transporter.
  3347 | D:4      | Found a transporter.
  3431 | D:4      | Reached skill level 10 in Fighting
  3488 | D:4      | Gained mutation: You are strong-willed. (Will+) [potion of
                  | mutation]
  3488 | D:4      | Gained mutation: You have large cloven feet. [potion of
                  | mutation]
  3488 | D:4      | Gained mutation: Armour fits poorly on your strangely
                  | shaped body. [potion of mutation]
  3488 | D:4      | Gained mutation: You possess an exceptional clarity of
                  | mind. [potion of mutation]
  3836 | D:4      | Found a staircase to the Ecumenical Temple.
  3845 | Temple   | Entered the Ecumenical Temple
  4374 | D:5      | Entered Level 5 of the Dungeon
  4478 | D:5      | Reached skill level 11 in Fighting
  4531 | D:5      | HP: 2/74 [something (5)]
  5086 | D:5      | Reached XP level 8. HP: 27/82 MP: 7/7
  5572 | D:5      | HP: 1/83 [hornet zombie (4)]
  5574 | D:5      | Slain by a hornet zombie

Illustrated notes

Levels and vault maps discovered:
D:1:      nagdon_arrival_double_spiral, layout_basic,
          ebering_ecumenical_altar_mist, minmay_octomino_j4
D:2:      layout_basic, serial_shops, shop, grunt_decor_resistance,
          supply_closet_lemuel
D:3:      layout_basic, general_overflow_altar, uniq_sigmund, uniq_jessica,
          uniq_grinder
D:4:      layout_basic, gammafunk_temple_of_torment,
          minmay_temple_entry_large_hall, serial_glass, glass_columns_a,
          glass_columns_a, glass_columns_a, roderic_serpentine_path
D:5:      layout_basic, minmay_misc_feat_chi, st_stairs_7
Temple:   compressed_dpeg_triangle_lava_temple

Skill      XL: |  1  2  3  4  5  6  7 |
---------------+----------------------+-----
Fighting       | 4 5 7 8 9 11 | 11.9
Long Blades    | |  3.6
Dodging        | |  3.2
Stealth        | |  1.5

Action                   |  1- 3 |  4- 6 |  7- 9 || total
-------------------------+-------+-------+-------++-------
Melee: Falchion          |    67 |    80 |   120 ||   267
       Headbutt          |    14 |    14 |    22 ||    50
       Kick              |       |       |    36 ||    36
  Use: Potion            |     1 |     1 |     3 ||     5
       Scroll            |       |       |     4 ||     4
 Stab: Sleeping          |     1 |       |       ||     1
Armor: Robe              |     2 |       |       ||     2
       Plate armour      |    29 |    72 |    82 ||   183
Dodge: Dodged            |    19 |    16 |    33 ||    68
       Rpst.: Falchion   |     4 |     3 |    11 ||    18
